Map: Буревестник РВ

Players

Cham - Winner!

  • Race: Zerg Zerg
  • Spawn Location: 11:00

BuRning

  • Race: Terran Terran
  • Spawn Location: 5:00

Event: 2019 WCS Summer

VOD

Have the link to the VOD?

Description

Time

  • Played on: July 12, 2019, 8:03 a.m.
  • Length: 13:34

All games in this series

Show
View Real Time Build Order
Export as new Build Order

Cham Zerg - Winner!

Build Orders: Hatch First, Swarm Host 

Get SALT Encoding   

  12  0:03  Drone  
  13  0:09  Drone  
  14  0:18  Overlord  
  14  0:36  Drone x2  
  16  0:47  Hatchery  
  15  0:52  Drone  
  15  0:55  Drone  
  17  0:59  Drone  
  18  1:10  Extractor  
  17  1:14  Spawning Pool  
  17  1:17  Drone  
  17  1:20  Drone  
  18  1:30  Drone  
  19  1:40  Drone  
  20  1:52  Overlord  
  20  2:00  Queen  
  20  2:01  Queen  
  22  2:02  Zergling x2  
  22  2:03  Zergling x2  
  26  2:12  Metabolic Boost  
  26  2:14  Drone  
  26  2:15  Drone  
  28  2:33  Hatchery  
  27  2:40  Drone x2  
  29  2:48  Drone  
  30  2:54  Pneumatized Carapace  
  30  2:55  Queen  
  33  2:58  Drone  
  33  3:02  Overlord  
  33  3:06  Drone  
  33  3:08  Drone  
  35  3:16  Drone  
  36  3:20  Drone  
  36  3:21  Drone x2  
  36  3:22  Overlord  
  36  3:24  Drone  
  36  3:25  Drone  
  41  3:29  Drone x2  
  43  3:39  Drone, Queen  
  46  3:43  Drone x2  
  46  3:45  Drone  
  46  3:47  Drone  
  50  3:49  Queen  
  53  3:55  Drone x2  
  53  3:56  Drone x2  
  53  4:01  Overlord  
  56  4:04  Drone  
  57  4:10  Baneling Nest  
  57  4:11  Overlord  
  57  4:14  Overlord  
  56  4:19  Queen, Overlord  
  56  4:21  Overlord  
  58  4:29  Queen x2  
  58  4:30  Zergling x4  
  64  4:32  Zergling x4  
  64  4:34  Zergling x2  
  67  4:38  Overlord  
  67  4:43  Drone x4  
  71  4:46  Zergling x2  
  71  4:49  Drone  
  73  4:53  Overlord, Spore Crawler  
  73  4:55  Spore Crawler  
  73  4:56  Spore Crawler  
  73  4:57  Spore Crawler  
  73  4:58  Drone x2  
  73  4:59  Drone, Spore Crawler  
  71  5:05  Lair  
  71  5:09  Drone x2  
  71  5:10  Drone x2  
  71  5:11  Drone  
  71  5:12  Drone  
  77  5:15  Baneling x2  
  77  5:16  Baneling x2  
  77  5:17  Baneling  
  77  5:18  Drone x2  
  79  5:22  Overlord  
  79  5:25  Overlord  
  79  5:26  Drone, Overlord  
  80  5:29  Extractor  
  80  5:31  Drone  
  80  5:34  Extractor  
  79  5:36  Drone, Extractor  
  79  5:37  Extractor  
  79  5:38  Drone x2, Evolution Chamber  
  79  5:40  Drone x4  
  79  5:41  Drone  
  83  5:58  Drone, Spore Crawler  
  83  6:03  Drone  
  83  6:05  Drone  
  83  6:09  Overlord  
  84  6:14  Zergling x4  
  83  6:19  Drone x4  
  83  6:20  Drone x4  
  83  6:25  Roach Warren  
  87  6:28  Zerg Missile Weapons Level 1  
  87  6:29  Overlord  
  87  6:31  Evolution Chamber  
  86  6:34  Overlord  
  86  6:35  Drone  
  87  6:42  Extractor, Overlord  
  87  6:43  Hatchery  
  87  6:44  Drone x4  
  89  6:47  Overlord  
  89  6:54  Infestation Pit  
  89  6:55  Drone x2  
  89  7:04  Drone x3  
  89  7:05  Drone x2  
  94  7:14  Zerg Ground Armor Level 1  
  93  7:18  Drone x9  
  102  7:28  Overlord  
  102  7:29  Drone  
  103  7:30  Spore Crawler  
  103  7:31  Spore Crawler  
  103  7:32  Drone, Extractor  
  103  7:34  Spore Crawler  
  103  7:37  Zergling x8, Extractor  
  99  7:42  Roach x2  
  98  7:55  Roach x3  
  98  7:58  Roach x5  
  110  7:59  Infestor x2  
  116  8:06  Drone x3  
  116  8:11  Overlord  
  116  8:12  Swarm Host x2  
  119  8:17  Drone x2  
  119  8:18  Nydus Network  
  126  8:21  Drone  
  127  8:29  Drone x3  
  127  8:31  Hatchery  
  127  8:32  Ravager x4, Swarm Host  
  136  8:35  Baneling x3  
  136  8:36  Baneling x2, Centrifical Hooks  
  136  8:37  Zerg Missile Weapons Level 2  
  136  8:39  Zergling x10  
  141  8:45  Zergling x2  
  141  8:46  Zergling x4  
  144  8:52  Zergling x10  
  144  8:53  Zergling x4  
  144  8:54  Glial Reconstitution  
  151  9:00  Zergling x6  
  151  9:01  Nydus Canal  
  154  9:03  Swarm Host x2  
  157  9:10  Drone x3  
  157  9:13  Drone x3  
  157  9:15  Baneling x3  
  162  9:17  Swarm Host  
  162  9:18  Swarm Host  
  162  9:20  Overlord x3  
  166  9:31  Overlord x3  
  166  9:35  Overlord  
  166  9:39  Overlord  
  166  9:40  Swarm Host  
  166  9:41  Overlord  
  166  9:44  Overlord  
  169  9:48  Baneling x4  
  169  9:49  Swarm Host x5  
  169  9:50  Swarm Host  
  169  9:51  Zergling x14  
  194  9:55  Zerg Ground Armor Level 2  
  194  10:00  Drone x2  
  194  10:01  Drone  
  194  10:03  Drone x2  
  189  10:07  Nydus Canal  
  189  10:13  Zergling x20  
  188  10:21  Zergling x8  
  189  10:22  Baneling x4  
  189  10:25  Zergling x8  
  186  10:29  Roach x4  
  186  10:33  Baneling x4  
  193  10:39  Zergling x2  
  193  10:40  Zergling x8  
  189  10:47  Roach x2  
  189  10:48  Roach  
  171  10:53  Roach  
  156  11:01  Roach  
  156  11:02  Roach  
  156  11:03  Roach  
  149  11:04  Roach x2  
  149  11:08  Roach  
  149  11:10  Roach x2  
  154  11:12  Roach  
  154  11:14  Roach x3  
  159  11:19  Ravager x3  
  162  11:25  Queen  
  162  11:29  Zergling x4, Roach x4  
  174  11:33  Roach x2  
  174  11:35  Roach x2  
  174  11:37  Zergling x2  
  174  11:38  Zergling x4  
  184  11:43  Zergling x6, Nydus Canal  
  184  11:45  Swarm Host  
  190  11:49  Queen  
  190  11:50  Queen  
  190  11:52  Drone x2  
  190  11:53  Swarm Host  
  197  12:05  Zergling x18  
  197  12:07  Baneling  
  197  12:08  Baneling x5  
  195  12:09  Baneling  
  195  12:10  Baneling x6  
  195  12:14  Zergling x8  
  191  12:25  Zergling x14  
  192  12:30  Infestor x2  
  190  12:38  Ravager  
  190  12:39  Zergling x6, Ravager x2  
  190  12:40  Zergling x6  
  197  12:46  Zergling x4  
  197  12:47  Zergling x2  
  197  12:48  Nydus Canal  
  199  12:51  Baneling x2  
  199  12:52  Baneling x6  
  190  13:01  Zergling x2  
  190  13:02  Zergling x8  
  190  13:03  Baneling  
  190  13:04  Baneling x9  
  190  13:05  Baneling x2  
  190  13:06  Baneling x2, Zergling x6  
  192  13:16  Zergling x2  
  192  13:17  Zergling x10  
Show
View Real Time Build Order
Export as new Build Order

BuRning Terran 

Build Orders: Reaper Expand 

Get SALT Encoding   

  12  0:01  SCV  
  13  0:13  SCV  
  14  0:18  Supply Depot  
  14  0:25  SCV  
  15  0:39  SCV  
  15  0:40  Barracks  
  16  0:43  Refinery  
  16  0:51  SCV  
  17  1:03  SCV  
  18  1:15  SCV  
  19  1:27  Orbital Command, Reaper  
  20  1:40  Command Center  
  20  1:49  Supply Depot  
  20  1:53  SCV  
  21  1:59  Marine  
  22  2:04  Factory  
  22  2:06  SCV  
  23  2:12  Refinery  
  23  2:21  Barracks Reactor  
  23  2:22  SCV  
  24  2:34  SCV  
  25  2:46  SCV  
  25  2:50  Starport  
  26  2:54  Orbital Command  
  26  2:59  SCV  
  26  3:03  Hellion x2  
  31  3:07  Marine  
  31  3:11  SCV  
  34  3:20  SCV  
  34  3:23  SCV  
  34  3:24  Hellion x2  
  39  3:28  Viking  
  39  3:32  Fusion Core  
  42  3:34  SCV  
  42  3:39  Supply Depot  
  42  3:42  Barracks Tech Lab  
  42  3:43  SCV  
  42  3:46  SCV  
  42  3:48  Hellion  
  46  4:01  SCV x2  
  46  4:02  Supply Depot x2  
  48  4:13  SCV x2, Hellion x2  
  54  4:25  SCV x2  
  54  4:31  Battlecruiser  
  62  4:32  Supply Depot  
  62  4:37  SCV x2  
  64  4:49  SCV x2  
  66  4:55  Command Center  
  66  4:56  Hellion  
  68  5:01  SCV  
  68  5:02  SCV  
  68  5:03  Supply Depot  
  71  5:07  Hellion  
  71  5:13  Refinery x2, SCV  
  72  5:17  SCV  
  73  5:24  Factory  
  73  5:25  SCV  
  73  5:27  Supply Depot, Factory  
  74  5:30  SCV  
  74  5:35  Hellion x2  
  77  5:38  SCV  
  77  5:42  SCV  
  77  5:50  SCV  
  77  5:53  Battlecruiser  
  77  5:54  SCV  
  85  6:00  Refinery  
  85  6:02  SCV  
  85  6:03  Refinery  
  90  6:04  Hellion x2  
  90  6:06  SCV  
  90  6:08  Supply Depot  
  90  6:10  Orbital Command  
  91  6:14  SCV  
  91  6:18  SCV  
  87  6:24  Factory Tech Lab  
  87  6:25  Factory Tech Lab  
  83  6:26  SCV  
  83  6:30  SCV  
  85  6:34  Armory  
  85  6:37  Hellion x2  
  85  6:38  SCV  
  90  6:42  SCV  
  90  6:45  SCV  
  92  6:50  SCV  
  92  6:51  Cyclone x2  
  92  6:52  Infernal Pre-Igniter, Mag-Field Accelerator  
  99  6:54  SCV  
  99  6:57  SCV  
  99  6:58  Supply Depot  
  101  7:02  SCV  
  101  7:04  Hellion x2  
  101  7:06  SCV  
  107  7:09  SCV  
  107  7:14  SCV  
  109  7:18  SCV  
  109  7:21  Barracks Reactor  
  109  7:22  SCV  
  111  7:23  Hellion, Cyclone  
  111  7:25  Terran Vehicle And Ship Armor Level 1, Factory, Supply Depot  
  111  7:26  SCV, Factory  
  117  7:30  SCV  
  117  7:34  SCV  
  119  7:44  Cyclone, Hellion x2  
  119  7:50  SCV x2  
  116  7:53  SCV  
  116  7:58  Command Center  
  117  7:59  Starport Reactor  
  117  8:00  Cyclone  
  115  8:07  Supply Depot  
  115  8:08  Hellion x2  
  118  8:21  Hellion, Cyclone  
  118  8:22  Hellion  
  118  8:25  SCV, Cyclone  
  129  8:27  Barracks Reactor  
  129  8:30  Factory  
  129  8:31  Supply Depot, Factory x2  
  129  8:33  Supply Depot  
  129  8:34  Barracks Reactor, Supply Depot  
  129  8:35  Supply Depot  
  129  8:37  Hellion  
  129  8:38  Hellion  
  133  8:44  Hellion x2, Cyclone  
  140  8:54  Cyclone  
  143  8:58  Hellion  
  145  9:06  Hellion x2  
  145  9:08  Drilling Claws, Hellion x2  
  153  9:12  Command Center  
  153  9:16  Cyclone  
  156  9:19  Cyclone  
  163  9:24  Factory Tech Lab  
  163  9:25  Factory Tech Lab, Terran Vehicle And Ship Armor Level 2  
  163  9:26  Cyclone  
  163  9:29  Armory  
  164  9:34  Engineering Bay  
  162  9:43  SCV  
  160  9:48  Cyclone  
  160  9:49  Liberator  
  160  9:50  Liberator, SCV x2  
  160  9:51  Cyclone  
  160  9:52  Cyclone x2, Hellion x4  
  182  9:53  Hellion  
  182  9:54  Hellion  
  185  10:08  Cyclone  
  185  10:13  Refinery, Hellion  
  185  10:14  Hellion  
  178  10:16  Refinery  
  178  10:20  Cyclone  
  173  10:22  Hellion x2  
  173  10:24  Cyclone x3  
  186  10:30  Hellion x2  
  177  10:43  Hellion x2, Cyclone  
  177  10:48  Hellion x2  
  168  10:52  Cyclone  
  168  10:53  Hellion x2  
  168  10:54  Terran Vehicle Weapons Level 1  
  168  10:56  Cyclone  
  166  11:02  Hellion x2  
  133  11:13  SCV, Hellion  
  133  11:14  Orbital Command, Hellion x3  
  133  11:15  Cyclone  
  136  11:18  Planetary Fortress  
  136  11:20  Missile Turret  
  136  11:21  Hellion x2  
  136  11:23  Cyclone  
  143  11:28  Orbital Command  
  137  11:33  Hellion x2  
  137  11:34  Hellion  
  137  11:37  Hellion  
  142  11:44  Hellion  
  142  11:45  Hellion x2  
  144  11:47  Cyclone  
  144  11:49  SCV x2  
  144  12:04  Hellion, Cyclone  
  144  12:05  Hellion  
  149  12:10  Hellion x3  
  149  12:11  Widow Mine x2  
  145  12:28  Hellion x3  
  141  12:34  Hellion x2, Cyclone x2  
  149  12:40  Hellion x2, Cyclone  
  153  12:45  Hellion  
  152  12:59  Hellion x2, Cyclone  
  152  13:02  Hellion x2  
  153  13:11  Hellion x2  
Tags
 
Add a new tag
Caveats
  • Supply blocks, unpowered buildings, or Contaminate may cause inaccurate times.
  • Supply counts are checked every 10 seconds.